 Dungeon Crawl Stone Soup version 0.31-a0-532-g28f74ba3e5 (webtiles) character file.

Game seed: 12741035081494633110

35 mandarbmax the Trooper (level 3, 31/31 HPs)
             Began as a Draconian Berserker on Aug 12, 2023.
             Was a Follower of Trog.
             Got out of the dungeon alive.
             The game lasted 00:01:02 (729 turns).

mandarbmax the Trooper (Draconian Berserker)         Turns: 729, Time: 00:01:03

Health: 31/31      AC:  5    Str: 19    XL:     3   Next: 16%
Magic:  3/3        EV: 12    Int:  7    God:    Trog [*.....]
Gold:   46         SH:  0    Dex: 12    Spells: 2/2 levels left

rFire   . . .        a - +0 hand axe
rCold   . . .        (no shield)
rNeg    . . .        (body armour unavailable)
rPois   .            (helmet restricted)
rElec   .            (no cloak)
rCorr   .            (no gloves)
SInv    .            (no boots)
Will    .....        (no amulet)
Stlth   +            (no ring)
HPRegen 0.25/turn    (no ring)
MPRegen 0.08/turn

%: no passive effects
@: no status effects
A: AC +5, unfitting armour, cold-blooded
a: Renounce Religion, Berserk


You escaped.
You worshipped Trog.
Trog was aware of your devotion.
You visited 1 branch of the dungeon, and saw 1 of its levels.

You collected 46 gold pieces.

Inventory:

Hand Weapons
 a - a +0 hand axe (weapon)
Scrolls
 c - a scroll of fog {unknown}
Potions
 b - 2 potions of curing {unknown}


   Skills:
 + Level 3.6 Fighting
 - Level 3.5(3.6) Axes
 - Level 1.0(2.4) Maces & Flails
 + Level 3.0 Dodging


You had 2 spell levels left.
You didn't know any spells.
Your spell library was empty.

Dungeon Overview and Level Annotations

Branches:
Dungeon (1/15)

Altars:


Innate Abilities, Weirdness & Mutations

Your plain brown scales are hard. (AC +5)
You cannot fit into any form of body armour.
You are cold-blooded and may be slowed by cold attacks.


Message History

You hit the hobgoblin. The hobgoblin closely misses you.
The hobgoblin misses you.
You hit the hobgoblin.
The hobgoblin is almost dead.
The hobgoblin hits you but does no damage.
You slash the hobgoblin!
You kill the hobgoblin!
Trog accepts your kill.
Unknown command.
No target in view!
No target in view!
Found a club.
You see here a +0 club.
You now have 46 gold pieces (gained 10).
Found an escape hatch in the floor.
There is an escape hatch in the floor here.
Things that are here:
a +0 club; 2 stones; a kobold corpse You see here a hobgoblin corpse.
A ball python comes into view.
A ball python is nearby!
The helpless ball python fails to defend itself.
You slash the ball python!
You kill the ball python!
Trog accepts your kill.
No target in view!
No target in view!
No target in view!
No target in view!
No target in view!
No target in view!
No target in view!
No target in view!
Unknown command.
Okay, then.
There is an open door here.
There is an open door here.
There is an open door here.
There is a staircase leading out of the dungeon here.
You have escaped!

..)#### ##...........###.# ...#
##..#########..##.# ...# ##..##
##..#.######. ...# #..## #######
##.......... ...#
#.##.##.....##.##...###... '###
##.#.##.#####.##.#...#
.######..#.#.##.≈.#'.#.+...#
.....##..#.#.#.'##.#≈#(#...#
.....#...#...#.#@#.#.#.#...#
.......#.#.#.#.###.#.#.'...#
......##.#.#.##...##.#.#...######
......##.#.##.#####.##.#...##....
.........##.##.....##.##(........
......##..##.#######.##..#.......
......###..##.......##..#####....
##....†..#..#########..## ###..
#######.##...........## ###


There were no monsters in sight!

Vanquished Creatures
  3 dart slugs (D:1)
  A ball python (D:1)
  2 endoplasms (D:1)
  2 giant cockroaches (D:1)
  A goblin (D:1)
  5 hobgoblins (D:1)
  3 bats (D:1)
  2 frilled lizards (D:1)
  5 kobolds (D:1)
  A rat (D:1)
25 creatures vanquished.

Notes
Turn   | Place    | Note
-------+----------+-------------------------------------------
     0 | D:1      | mandarbmax the Draconian Berserker began the quest for the
                  | Orb.
     0 | D:1      | Reached XP level 1. HP: 19/19 MP: 1/1
   160 | D:1      | Reached XP level 2. HP: 26/26 MP: 2/2
   430 | D:1      | Reached skill level 1 in Maces & Flails
   477 | D:1      | Reached XP level 3. HP: 27/31 MP: 3/3
   729 | D:$      | Got out of the dungeon alive.

Illustrated notes

Levels and vault maps discovered:
D:1:      evilmike_arrival_rings, layout_basic, minmay_tromino_v4_b

Skill      XL: |  1  2  3 |
---------------+----------+-----
Maces & Flails | 1 |  1.0
Dodging        | 3 |  3.0
Fighting       | |  3.6
Axes           | |  3.5

Action                     || total
---------------------------++-------
  Melee: Hand axe          ||    60
         Tailslap          ||     5
 Invoke: Berserk           ||     1
   Stab: Sleeping          ||     2
 Armour: Skin              ||    18
  Dodge: Dodged            ||    29

Table legend: (Time is in decaauts)
 A = Elapsed time spent in this place.
 B = Non-inter-level travel time spent in this place.
 C = Inter-level travel time spent in this place.
 D = Time resting spent in this place.
 E = Time spent auto-exploring this place.
 F = Levels seen in this place.
 G = Mean time per level.
                   A        B        C        D        E       F      G
               +--------+--------+--------+--------+--------+-----+--------+
         Total |    744 |    653 |     91 |      0 |    517 |   1 |  744.0 |
       Dungeon |    744 |    653 |     91 |      0 |    517 |   1 |  744.0 |
               +--------+--------+--------+--------+--------+-----+--------+

Top non-repeatable levels by time:
     D:1: 744 daAuts
